 Dungeon Crawl Stone Soup version 0.28-a0-511-gcc94558de3 (webtiles) character file.

Game seed: 5144709342791953129

2891 Rennog the Fighter (level 9, 0/75 (79) HPs)
             Began as a Demonspawn Fighter on Sept 22, 2021.
             Was a Believer of Okawaru.
             Slain by a wight (2 damage)
             ... on level 7 of the Dungeon.
             The game lasted 00:19:09 (10917 turns).

Rennog the Fighter (Demonspawn Fighter)            Turns: 10917, Time: 00:19:10

HP:   0/75 (79)     AC: 13    Str: 19    XL:     9   Next: 48%
MP:   7/9           EV: 12    Int:  9    God:    Okawaru [**....]
Gold: 402           SH:  6    Dex: 14    Spells: 8/8 levels left

rFire   . . .      SeeInvis .   x - +3 war axe
rCold   . . .      Faith    .   c - +0 buckler
rNeg    . . .      Spirit   .   z - +0 chain mail
rPois   .          Reflect  .   (helmet restricted)
rElec   .          Harm     .   w - scarf {repulsion}
rCorr   .          Rampage  .   (no gloves)
Will    .....                   (no boots)
Stlth   ..........              (no amulet)
HPRegen 0.22/turn               (no ring)
MPRegen 0.11/turn               (no ring)

@: heroic, drained, repel missiles
A: horns 2, molten scales 1, (demonic guardian 1), ignite blood 2
a: Renounce Religion, Heroism


You were on level 7 of the Dungeon.
You worshipped Okawaru.
Okawaru was pleased with you.
You visited 2 branches of the dungeon, and saw 9 of its levels.

You collected 402 gold pieces.

Inventory:

Hand Weapons
 a - a +0 rapier
 x - a +3 war axe (weapon)
Armour
 c - a +0 buckler (worn)
 w - a scarf of repulsion (worn)
 y - a +0 cloak
 z - a +0 chain mail (worn)
Wands
 b - a wand of flame (17)
 s - a wand of iceblast (6)
Scrolls
 g - 2 scrolls of magic mapping
 i - 3 scrolls of amnesia
 j - 2 scrolls of enchant weapon
 k - 3 scrolls of fog
 r - 2 scrolls of noise
 t - 2 scrolls of teleportation
 v - a scroll of immolation
 B - a scroll of identify
Potions
 d - a potion of might
 e - a potion of resistance {unknown}
 f - 2 potions of ambrosia
 h - 2 potions of haste
 l - 2 potions of cancellation
 m - 3 potions of attraction
 n - a potion of mutation
 o - a potion of degeneration {unknown}
 p - 2 potions of brilliance {unknown}
 q - 2 potions of magic
 u - 3 potions of flight {unknown}
 A - a potion of lignification {unknown}


   Skills:
 * Level 10.9(15.9) Fighting
 - Level 1.7(6.7) Short Blades
 + Level 3.9(8.9) Armour
 + Level 6.6(11.6) Dodging
 - Level 2.6(7.6) Shields


You had 8 spell levels left.
You didn't know any spells.
Your spell library contained the following spells:

 Spells                   Type           Power      Damage    Failure   Level
 Freeze                   Ice            0%         1d3       98%         1
 Sandblast                Erth           0%         2d4       98%         1
 Passwall                 Tmut/Erth      0%         N/A       99%         2
 Sublimation of Blood     Necr           0%         N/A       99%         2
 Frozen Ramparts          Ice            0%         1d2       100%        3
 Gell's Gravitas          Tloc           0%         N/A       100%        3
 Stone Arrow              Conj/Erth      0%         3d7       100%        3
 Teleport Other           Tloc           0%         N/A       100%        3
 Hailstorm                Conj/Ice       0%         3d3       100%        4
 Petrify                  Tmut/Erth      0%         N/A       100%        4
 Irradiate                Conj/Tmut      0%         3d13      100%        5
 Dispersal                Tloc           0%         N/A       100%        6
 Orb of Destruction       Conj           0%         N/A       100%        7
 Summon Guardian Golem    Hex/Summ       Unusable   N/A       N/A         3
 Animate Dead             Necr           Unusable   N/A       N/A         4
 Haunt                    Necr/Summ      Unusable   N/A       N/A         7
 Spellforged Servitor     Conj/Summ      Unusable   N/A       N/A         7
 Infestation              Necr           Unusable   N/A       N/A         8

Dungeon Overview and Level Annotations

Branches:
Dungeon (8/15)             Temple (1/1) D:6
   Lair: D:8-11

Altars:
Ashenzari
Dithmenos
Gozag
Hepliaklqana
Kikubaaqudgha
Makhleb
Nemelex Xobeh
Okawaru
Qazlal
Ru
Sif Muna
Uskayaw
Wu Jian
Yredelemnul
Zin
The Shining One

Shops:
D:1 :

Annotations:
D:7 Pikel


Innate Abilities, Weirdness & Mutations

You have a pair of horns on your head.
You are partially covered in molten scales. (AC +2)
((A weak demonic guardian rushes to your aid.))
Your demonic aura often causes spilled blood to erupt in flames.


Message History

Okawaru accepts your kill.
The yak is engulfed in blazing flames.
You hit the yak. You headbutt the yak!
You kill the yak!
Okawaru accepts your kill. The yak gores you!
There is an open door, spattered with blood here.
You are too injured to fight recklessly!
You are too injured to fight recklessly!
You closely miss the yak. You headbutt the yak.
The yak is lightly wounded.
The yak gores you! x2
* * * LOW HITPOINT WARNING * * *
Pikel the Slaver comes into view.
He is wielding a +2 whip of flaming.
A lemure comes into view.
Pikel shouts!
The lemure shouts!
You hear a shout!
As you read the scroll of teleportation, it crumbles to dust.
You feel strangely unstable. The yak gores you!
* * * LOW HITPOINT WARNING * * *
The lemure falls through a shaft!
The shaft crumbles and collapses.
The lemure hits you but does no damage. The yak gores you.
* * * LOW HITPOINT WARNING * * *
Your surroundings suddenly seem different.
A wight comes into view. It is wielding a +4 war axe.
The wight completely misses you. The wight barely misses you.
You gain the combat prowess of a mighty hero.
You block the wight's attack.
You hit the wight but do no damage. You headbutt the wight.
The wight is moderately damaged.
The wight hits you with a +4 war axe.
* * * LOW HITPOINT WARNING * * *
You feel drained.
* * * LOW HITPOINT WARNING * * *
You hit the wight but do no damage. You headbutt the wight.
The wight is moderately damaged.
The wight hits you with a +4 war axe!
* * * LOW HITPOINT WARNING * * *
You feel drained.
You die...

#..................#
##'####......##....#
.... #########....#
...... ...........#
#....... ...........#
#.......# ...........#
#.......# ....##....#
#.......######'##z...#
#.......'. . #@....#
#.......# . #.....#
#.......# #.....#
#.......##############
...............
...............
...............
...............
...............


You could see a wight.

Vanquished Creatures
  Sigmund (D:2)
  3 yaks (D:7)
  A water moccasin (D:7)
  A necrophage (D:7)
  A centaur (D:6)
  3 ogres
  A kobold brigand (D:7)
  2 bullfrogs
  2 scorpions
  A wyvern zombie (D:8)
  A water moccasin skeleton (D:4)
  5 killer bees (D:6)
  9 wights
  2 howler monkeys
  3 jellies
  A centaur zombie (D:7)
  3 bullfrog skeletons (D:5)
  2 hounds (D:6)
  An orc priest (Temple)
  Crazy Yiuf (D:6)
  An iguana (D:7)
  2 orc wizards
  A hound zombie (D:5)
  4 gnolls
  7 adders
  A white imp (D:6)
  An ufetubus (D:5)
  2 dart slugs
  13 orcs
  4 ball pythons
  3 endoplasms
  3 giant cockroaches
  5 goblins
  3 hobgoblins
  6 jackals (D:4)
  3 bats
  A frilled lizard (D:2)
  11 kobolds
  4 rats
119 creatures vanquished.

Vanquished Creatures (collateral kills)
  An ice beast (D:5)
  An orc (D:5)
2 creatures vanquished.

Vanquished Creatures (others)
  3 fungi (D:3)
  8 plants
11 creatures vanquished.

Grand Total: 132 creatures vanquished

Notes
Turn   | Place    | Note
-------+----------+-------------------------------------------
     0 | D:1      | Rennog the Demonspawn Fighter began the quest for the Orb.
     0 | D:1      | Reached XP level 1. HP: 18/18 MP: 1/1
   287 | D:1      | Found Giocifus's Book Boutique.
   748 | D:1      | Gained mutation: Your demonic aura sometimes causes spilled
                  | blood to erupt in flames. [demonic ancestry]
   748 | D:1      | Reached XP level 2. HP: 24/24 MP: 2/2
   852 | D:2      | Reached skill level 1 in Dodging
  1026 | D:2      | Noticed Sigmund
  1474 | D:1      | Gained mutation: You are partially covered in molten
                  | scales. (AC +2) [demonic ancestry]
  1474 | D:1      | Reached XP level 3. HP: 12/30 MP: 3/3
  1672 | D:2      | Reached skill level 4 in Fighting
  2027 | D:3      | Gained mutation: Your demonic aura often causes spilled
                  | blood to erupt in flames. [demonic ancestry]
  2027 | D:3      | Reached XP level 4. HP: 38/38 MP: 4/4
  2149 | D:3      | Found a faded altar of an unknown god.
  2357 | D:3      | Found an opulent altar of Gozag.
  2440 | D:3      | Found a broken altar of Ashenzari.
  2445 | D:3      | Found a hazy altar of Hepliaklqana.
  2664 | D:4      | Reached skill level 5 in Fighting
  2664 | D:4      | Reached XP level 5. HP: 40/44 MP: 5/5
  2954 | D:4      | Noticed an ogre
  2962 | D:4      | Killed an ogre
  2963 | D:4      | Gained mutation: You have a pair of small horns on your
                  | head. [demonic ancestry]
  2963 | D:4      | Reached XP level 6. HP: 15/52 MP: 6/6
  3045 | D:4      | Reached skill level 6 in Fighting
  3400 | D:4      | Found a hide-covered altar of Uskayaw.
  3629 | D:2      | Killed Sigmund
  4217 | D:5      | Entered Level 5 of the Dungeon
  4238 | D:5      | Gained mutation: A weak demonic guardian rushes to your
                  | aid. [demonic ancestry]
  4238 | D:5      | Reached XP level 7. HP: 44/59 MP: 7/7
  4367 | D:5      | Reached skill level 7 in Fighting
  5205 | D:5      | Found a sparkling altar of Nemelex Xobeh.
  6242 | D:4      | Reached skill level 8 in Fighting
  6250 | D:5      | Reached XP level 8. HP: 29/66 MP: 8/8
  6528 | D:6      | Found a staircase to the Ecumenical Temple.
  6535 | Temple   | Entered the Ecumenical Temple
  6543 | Temple   | Became a worshipper of Warmaster Okawaru
  7175 | D:6      | Reached skill level 5 in Dodging
  7711 | D:6      | Found a runed translucent door.
  7712 | D:6      | Noticed Crazy Yiuf
  7855 | D:6      | Reached skill level 9 in Fighting
  8409 | D:6      | Killed Crazy Yiuf
  9601 | D:6      | Reached * piety under Okawaru
  9860 | D:7      | Found a stormy altar of Qazlal.
 10102 | D:8      | Reached skill level 10 in Fighting
 10272 | D:7      | Gained mutation: You have a pair of horns on your head.
                  | [demonic ancestry]
 10272 | D:7      | Reached XP level 9. HP: 70/78 MP: 9/9
 10878 | D:7      | Reached ** piety under Okawaru
 10887 | D:7      | Noticed Pikel
 10917 | D:7      | HP: 2/77 [wight (9)]
 10917 | D:7      | Slain by a wight

Illustrated notes

Levels and vault maps discovered:
D:1:      sevenhm_arrival_forest_fort_small_4, layout_loops_ring, serial_shops,
          nicolae_shop_waterfront
D:2:      layout_loops_ring, uniq_sigmund
D:3:      layout_rooms, minitemple, shapermc_ecumenical_altar_mp_urbaneastern,
          moated_statue, kennysheep_generic_room_15
D:4:      layout_rooms, nicolae_uskayaw_suspiria
D:5:      layout_loops_ring, mainiacjoe_overflow_tiny_flanked
D:6:      layout_basic, minmay_temple_entry_mini_moons, uniq_crazy_yiuf_cottage
D:7:      layout_gridville, grunt_qazlal_sundering, fedhas_ov_isle_minmay,
          chequers_decorated_corner, uniq_pikel
D:8:      layout_cave_pools, serial_shops, nicolae_inconvenience_store
Temple:   eino_narrow_crystal_temple

Skill      XL: |  1  2  3  4  5  6  7  8  9 |
---------------+----------------------------+-----
Dodging        | 1 2 3 4 6 |  6.6
Fighting       | 4 5 6 8 10 | 10.9
Armour         | 3 |  3.9
Short Blades   | |  1.7
Shields        | |  2.6

Action                   |  1- 3 |  4- 6 |  7- 9 || total
-------------------------+-------+-------+-------++-------
Melee: Rapier            |   115 |   105 |   296 ||   516
       Headbutt          |       |     6 |    78 ||    84
       War axe           |       |       |    43 ||    43
Invok: Heroism           |       |       |     1 ||     1
Evoke: Wand              |       |       |     2 ||     2
  Use: Scroll            |       |     4 |    13 ||    17
       Potion            |       |       |     4 ||     4
Armor: Scale mail        |    55 |    43 |    57 ||   155
       Chain mail        |       |       |    84 ||    84
Dodge: Dodged            |    50 |    44 |   188 ||   282
Block: Buckler           |    25 |    25 |    94 ||   144

Table legend: (Time is in decaauts)
 A = Elapsed time spent in this place.
 B = Non-inter-level travel time spent in this place.
 C = Inter-level travel time spent in this place.
 D = Time resting spent in this place.
 E = Time spent auto-exploring this place.
 F = Levels seen in this place.
 G = Mean time per level.
                   A        B        C        D        E       F      G
               +--------+--------+--------+--------+--------+-----+--------+
         Total |  11047 |  10507 |    540 |   2399 |   6391 |   9 | 1227.4 |
       Dungeon |  10690 |  10173 |    517 |   2113 |   6391 |   8 | 1336.2 |
        Temple |    357 |    334 |     23 |    286 |      0 |   1 |  357.0 |
               +--------+--------+--------+--------+--------+-----+--------+

Top non-repeatable levels by time:
     D:6: 2906 daAuts
     D:5: 1458 daAuts
     D:3: 1281 daAuts
     D:4: 1233 daAuts
     D:2: 1225 daAuts
     D:1: 1203 daAuts
     D:7: 738 daAuts
     D:8: 642 daAuts
  Temple: 357 daAuts
